 Dungeon Crawl Stone Soup version 0.22.1-1-ga44c0e5 (webtiles) character file.

121 dvd the Firebug (level 5, 0/32 HPs)
             Began as an Octopode Fire Elementalist on Oct 4, 2018.
             Slain by Terence
             ... wielding a +1 hand axe of electrocution
              (6 damage)
             ... on level 3 of the Dungeon.
             The game lasted 00:05:05 (2337 turns).

dvd the Firebug (Octopode Fire Elementalist)        Turns: 2337, Time: 00:05:06

Health: 0/32       AC:  1    Str:  7    XL:     5   Next: 5%
Magic:  0/8        EV: 14    Int: 18    God:
Gold:   144        SH:  0    Dex: 13    Spells: 1/8 levels left

rFire    . . .     SeeInvis .   c - +0 mace
rCold    + . .     Gourm    .   (no shield)
rNeg     . . .     Faith    .   (helmet restricted)
rPois    +         Spirit   .   (no amulet)
rElec    .         Reflect  .   m - ring of teleportation (curse)
rCorr    .         Harm     .   q - ring of protection from cold
MR       .....     Rnd*Tele +   s - ring of poison resistance
Stlth    +++.......             (no ring)
HPRegen  0.10/turn              (no ring)
MPRegen  0.11/turn              (no ring)
                                (no ring)
                                (no ring)

@: no status effects
A: almost no armour, stealthy swim, amphibious, 8 rings, constrict 8, camouflage
1, gelatinous body 1
a: no special abilities


You were on level 3 of the Dungeon.
You were not hungry.

You visited 1 branch of the dungeon, and saw 3 of its levels.

You collected 144 gold pieces.

Inventory:

Hand Weapons
 c - a +0 mace (weapon)
 n - a +0 hand axe
Jewellery
 m - a cursed ring of teleportation (left tentacle)
 q - a ring of protection from cold (right tentacle)
 s - a ring of poison resistance (on tentacle)
Scrolls
 a - a scroll of magic mapping {unknown}
 f - a scroll of enchant armour {unknown}
 g - 2 scrolls of remove curse {unknown}
 i - 2 scrolls of identify {unknown}
 j - 2 scrolls of enchant weapon {unknown}
 l - a scroll of amnesia {unknown}
Potions
 d - a potion of cancellation
 e - a potion of brilliance {unknown}
 h - a potion of heal wounds {unknown}
 k - a potion of degeneration {unknown}
 o - a potion of curing
 p - a potion of haste {unknown}
Comestibles
 b - 7 rations
 r - 3 chunks of flesh


   Skills:
 + Level 0.5 Fighting
 + Level 1.1 Maces & Flails
 + Level 2.4 Dodging
 + Level 3.4 Stealth
 + Level 2.2 Spellcasting
 + Level 1.4 Conjurations
 + Level 4.4 Fire Magic


You had one spell level left.
You knew the following spells:

 Your Spells              Type           Power        Failure   Level  Hunger
a - Flame Tongue          Conj/Fire      ##...        5%          1    #......
b - Throw Flame           Conj/Fire      ##....       8%          2    ##.....
c - Sticky Flame          Conj/Fire      ##......     45%         4    #####..

Your spell library contained the following spells:

 Spells                   Type           Power        Failure   Level  Hunger
 Conjure Flame            Conj/Fire      ##......     16%         3    ###....
 Inner Flame              Hex/Fire       ##......     22%         3    ###....
 Fireball                 Conj/Fire      ##........   82%         5    ######.


Dungeon Overview and Level Annotations

Branches:
Dungeon (3/15)

Altars:
Ashenzari

Annotations:
D:3 Terence


Innate Abilities, Weirdness & Mutations

You cannot wear most types of armour.
You are very stealthy in the water. (Stealth+)
You are amphibious.
You can wear up to eight rings at the same time.
You can use your tentacles to constrict eight enemies at once.
Your skin changes colour to match your surroundings (Stealth+).
Your rubbery body absorbs attacks. (AC +1, EV +1)


Message History

Terence is heavily wounded.
You constrict Terence, but do no damage.
Terence hits you with a hand axe of electrocution!
* * * LOW HITPOINT WARNING * * *
Unknown command.
Casting: Flame Tongue (safe; 5% risk of failure)
Confirm with . or Enter, or press ? or * to list all spells.
Aiming: Flame Tongue (safe; 5% risk of failure)
Press: ? - help, Shift-Dir - straight line, f/p - Terence
Aim: Terence, wielding a hand axe of electrocution and wearing a chain mail The flame tongue hits Terence.
Terence is heavily wounded.
You constrict Terence, but do no damage.
Terence misses you.
Unknown command.
You hit Terence but do no damage. You squeeze Terence, but do no damage.
Terence is heavily wounded.
You constrict Terence. Terence closely misses you.
Terence hits you with a hand axe of electrocution.
You die...

# . # #.. # # #.. # #.o
#.. # #...# #..####
#.....######.#####......
#....b@@.........<...###
####.##########.#....# #
#.#.#..### ##.#.......
#...##..##.
###...##.....
####............
#......[....###.
#.##............


You could see Terence, an orc (sleeping) and a bat.

Vanquished Creatures
  4 adders
  4 gnolls
  An adder skeleton (D:2)
  A worm (D:3)
  An orc (D:3)
  A giant cockroach (D:2)
  6 goblins
  3 hobgoblins
  3 jackals (D:2)
  2 ball pythons
  4 bats
  2 frilled lizards (D:1)
  7 kobolds
  7 rats
46 creatures vanquished.

Notes
Turn   | Place    | Note
-------+----------+-------------------------------------------
     0 | D:1      | dvd the Octopode Fire Elementalist began the quest for the
                  | Orb.
     0 | D:1      | Reached XP level 1. HP: 11/11 MP: 3/3
   150 | D:1      | Found a shattered altar of Ashenzari.
   168 | D:1      | Reached XP level 2. HP: 10/17 MP: 0/5
   258 | D:1      | Learned a level 2 spell: Throw Flame
   622 | D:1      | Reached XP level 3. HP: 19/21 MP: 4/6
  1020 | D:2      | Reached skill level 4 in Fire Magic
  1399 | D:2      | Reached XP level 4. HP: 18/27 MP: 7/7
  1883 | D:2      | Reached skill level 1 in Maces & Flails
  2245 | D:3      | Reached XP level 5. HP: 30/32 MP: 3/8
  2310 | D:3      | Learned a level 4 spell: Sticky Flame
  2328 | D:3      | Noticed Terence
  2337 | D:3      | Slain by Terence

Skill      XL: |  1  2  3  4 |
---------------+-------------+-----
Fire Magic     | 4 |  4.4
Stealth        | 3 |  3.4
Maces & Flails | 1 |  1.1
Fighting       | |  0.5
Dodging        | |  2.4
Spellcasting   | |  2.2
Conjurations   | |  1.4

Action                   |  1- 3 |  4- 6 || total
-------------------------+-------+-------++-------
Melee: Mace              |    34 |    15 ||    49
       Unarmed           |     2 |       ||     2
       Constrict         |    10 |     3 ||    13
       Tentacles         |     1 |     2 ||     3
 Cast: Flame Tongue      |    23 |    31 ||    54
       Throw Flame       |     5 |     5 ||    10
  Use: Potion            |     3 |       ||     3
 Stab: Sleeping          |     3 |     6 ||     9
  Eat: Chunk             |     2 |     4 ||     6
Armor: Skin              |     5 |     1 ||     6
Dodge: Dodged            |    39 |    17 ||    56
